 Dungeon Crawl Stone Soup version 0.30.0-19-g36f170ea60 (webtiles) character file.

Game seed: 12075998424352577464

39 cheesebisquit the Caller (level 3, 14/14 HPs)
             Began as a Felid Summoner on May 25, 2023.
             Quit the game on level 2 of the Dungeon on May 26, 2023.
             The game lasted 00:07:24 (1696 turns).

cheesebisquit the Caller (Felid Summoner)           Turns: 1696, Time: 00:07:25

Health: 14/14      AC:  1    Str:  4    XL:     3   Next: 28%
Magic:  8/8        EV: 17    Int: 18    God:
Gold:   70         SH:  0    Dex: 16    Spells: 4/7 levels left
                                        Lives:  0   Deaths: 0

rFire   . . .        (weapon unavailable)
rCold   . . .        (shield unavailable)
rNeg    + . .        (body armour unavailable)
rPois   .            (helmet unavailable)
rElec   .            (cloak unavailable)
rCorr   .            (gloves unavailable)
SInv    +            (boots unavailable)
Will    .....        (no amulet)
Stlth   ++           i - ring of wizardry
HPRegen 0.22/turn    n - ring of positive energy
MPRegen 0.11/turn

%: wizardry (x1)
@: quick
A: very small, claws 1, fangs 3, see invisible, speed 1, shaggy fur 1, stealthy
paws, no weapons or thrown items, no armour, multi-lived
a: no special abilities


You were on level 2 of the Dungeon.
You visited 1 branch of the dungeon, and saw 2 of its levels.

You collected 70 gold pieces.

Inventory:

Jewellery
 i - a ring of wizardry (left paw)
 n - a ring of positive energy (right paw)
Scrolls
 b - a scroll of blinking {unknown}
 c - a scroll of torment {unknown}
 d - a scroll of identify {unknown}
 g - a scroll of magic mapping {unknown}
 h - a scroll of enchant weapon {unknown}
 m - a scroll of amnesia {unknown}
Potions
 a - a potion of magic
 e - 2 potions of mutation {unknown}
 f - a potion of flight {unknown}
 j - a potion of degeneration {unknown}
 k - a potion of invisibility {unknown}
 l - a potion of haste {unknown}


   Skills:
 - Level 2.6 Dodging
 - Level 2.6 Stealth
 + Level 2.8 Spellcasting
 + Level 4.6 Summonings


You had 4 spell levels left.
You knew the following spells:

 Your Spells              Type           Power      Damage    Failure   Level
a - Summon Small Mammal   Summ           76%        N/A       1%          1
b - Call Imp              Summ           38%        N/A       1%          2

Your spell library contained the following spells:

 Spells                   Type           Power      Damage    Failure   Level
 Call Canine Familiar     Summ           19%        N/A       3%          3
 Summon Guardian Golem    Hex/Summ       10%        N/A       8%          3
 Summon Lightning Spire   Summ/Air       10%        N/A       26%         4


Dungeon Overview and Level Annotations

Branches:
Dungeon (2/15)

Altars:


Innate Abilities, Weirdness & Mutations

You have sharp claws.
You have razor-sharp teeth.
You have supernaturally acute eyesight. (SInv)
You cover ground quickly. (Speed+)
You are covered in fur. (AC +1)
Your paws help you pounce on unaware monsters.
You are incapable of wielding weapons or throwing items.
You cannot wear armour.
You gain extra lives every three experience levels.


Message History

The quokka bites your rat.
Your rat dies!
Your rat's corpse disappears in a puff of smoke!
Your quokka bites the quokka.
Your cerulean imp closely misses the quokka.
The quokka bites your quokka.
Your quokka bites the quokka.
Your cerulean imp misses the quokka.
Your quokka bites the quokka.
The quokka dies!
You swap places.
You now have 54 gold pieces (gained 16).
You swap places.
Your quokka disappears in a puff of smoke!
n - a ring of positive energy You now have 70 gold pieces (gained 16).
n - a ring of positive energy (right paw)
There is a stone staircase leading down here.
Found a pair of gloves.
An endoplasm comes into view.
The endoplasm quivers.
The endoplasm misses your bat.
Your bat hits the endoplasm but does no damage.
Your quokka bites the endoplasm.
The endoplasm closely misses your bat.
Your bat hits the endoplasm.
Your quokka bites the endoplasm but does no damage.
Your cerulean imp hits the endoplasm from afar with a -3 spear.
The endoplasm barely misses your quokka.
Your quokka bites the endoplasm.
The endoplasm dies!
You swap places.
You see here a +0 pair of gloves.
A bat comes into view.
Your bat barely misses the bat.
The bat completely misses your bat.
Your bat closely misses the bat.
Your quokka disappears in a puff of smoke!
The bat hits your bat but does no damage.
Your bat hits the bat.
Welcome back, cheesebisquit the Felid Summoner.
Press ? for a list of commands and other information.
Are you sure you want to abandon this character and quit the game? (Confirm with "yes".)

##.# #.# .... ..[#
#.####...... #..#
#.#...... #..# #.#.##..
...# #.#.##.. #..#
#.#.##.#
#..########.#.##b#
#.............##.####.#
..........[.....@5....#
##.........############
###########


You could see a friendly cerulean imp (summoned) and a friendly bat (summoned).

Vanquished Creatures
  A giant cockroach (D:2)
  A goblin (D:2)
  A hobgoblin (D:1)
  A kobold (D:2)
  A rat (D:1)
5 creatures vanquished.

Vanquished Creatures (collateral kills)
  An adder (D:2)
  A dart slug (D:2)
  4 endoplasms
  A giant cockroach (D:2)
  2 goblins (D:1)
  3 hobgoblins
  2 kobolds
  A quokka (D:2)
  A bat (D:1)
  5 rats
21 creatures vanquished.

Grand Total: 26 creatures vanquished

Notes
Turn   | Place    | Note
-------+----------+-------------------------------------------
     0 | D:1      | cheesebisquit the Felid Summoner began the quest for the
                  | Orb.
     0 | D:1      | Reached XP level 1. HP: 7/7 MP: 4/4
   398 | D:1      | Reached XP level 2. HP: 11/11 MP: 4/6
   456 | D:1      | Learned a level 2 spell: Call Imp
   799 | D:1      | Found a faded altar of an unknown god.
  1420 | D:2      | Reached XP level 3. HP: 14/14 MP: 4/8
  1696 | D:2      | Upgraded the game from 0.30.0-18-gc0e69614cb to
                  | 0.30.0-19-g36f170ea60
  1696 | D:2      | Quit the game

Illustrated notes

Levels and vault maps discovered:
D:1:      minmay_arrival_arboretum_small, layout_basic,
          dilly_ecumenical_altar_fadedgnrine
D:2:      layout_loops_ring, uniq_terence, uniq_natasha

Action                     || total
---------------------------++-------
  Melee: Unarmed           ||    10
         Bite              ||     1
   Cast: Summon Small Mamm ||    43
         Call Imp          ||    11
   Stab: Distracted        ||     1
  Dodge: Dodged            ||    22
